 Dungeon Crawl Stone Soup version 0.29-a0-1027-gcd8c55af63 (webtiles) character file.

Game seed: 5944894449458607307

93 Locuples the Chopper (level 4, -2/40 HPs)
             Began as a Minotaur Berserker on Aug 12, 2022.
             Was a Believer of Trog.
             Slain by Grinder (6 damage)
             ... on level 3 of the Dungeon.
             The game lasted 00:03:14 (2014 turns).

Locuples the Chopper (Minotaur Berserker)           Turns: 2014, Time: 00:03:17

Health: -2/40      AC:  6    Str: 21 (24) XL:     4   Next: 36%
Magic:  3/3        EV: 11    Int:  1 (4)  God:    Trog [**....]
Gold:   84         SH:  0    Dex:  6 (9)  Spells: 3/3 levels left

rFire   + . .      SeeInvis .   m - +0 war axe
rCold   . . .      Faith    .   (no shield)
rNeg    . . .      Spirit   .   e - +0 ring mail
rPois   .          Reflect  .   (helmet unavailable)
rElec   +          Harm     .   (no cloak)
rCorr   .          Rampage  .   h - +0 pair of gloves
Will    .....                   (no boots)
Stlth   ..........              (no amulet)
HPRegen 0.13/turn               (no ring)
MPRegen 0.08/turn               (no ring)

@: on berserk cooldown, attractive, flying, slowed, very slow
A: horns 3, retaliatory headbutt, fire resistance 1, electricity resistance,
wild magic 1
a: Renounce Religion, Berserk, Trog's Hand


You were on level 3 of the Dungeon.
You worshipped Trog.
Trog was pleased with you.
You visited 1 branch of the dungeon, and saw 3 of its levels.

You collected 84 gold pieces.

Inventory:

Hand Weapons
 m - a +0 war axe (weapon)
Missiles
 f - 2 throwing nets (quivered)
Armour
 e - a +0 ring mail (worn)
 h - a +0 pair of gloves (worn)
Scrolls
 b - a scroll of immolation {unknown}
 d - a scroll of blinking {unknown}
 g - 2 scrolls of teleportation {unknown}
 i - a scroll of acquirement {unknown}
 k - 3 scrolls of identify {unknown}
 l - a scroll of brand weapon {unknown}
Potions
 j - a potion of flight
 n - a potion of degeneration


   Skills:
 + Level 4.0 Fighting
 * Level 5.4 Axes
 + Level 3.1 Armour
 + Level 2.7 Dodging


You had 3 spell levels left.
You didn't know any spells.
Your spell library was empty.

Dungeon Overview and Level Annotations

Branches:
Dungeon (3/15)

Altars:
Ashenzari

Annotations:
D:3 Grinder


Innate Abilities, Weirdness & Mutations

You have a pair of large horns on your head.
You reflexively headbutt those who attack you in melee.
Your flesh is heat resistant. (rF+)
You are resistant to electric shocks. (rElec)
Your spells are a little harder to cast, but a little more powerful.


Message History

You barely miss Grinder.
Grinder is moderately wounded.
You are no longer berserk.
You are exhausted.
You feel yourself slow down. Grinder barely misses you.
You closely miss Grinder.
Grinder is moderately wounded.
Grinder gestures at you. Pain shoots through your body!
Grinder blinks!
You completely miss Grinder. You headbutt Grinder!
Grinder is heavily wounded.
Grinder blinks!
Grinder blinks!
Grinder blinks!
Grinder attacks as you move away! Grinder hits you but does no damage. x2
You barely miss Grinder.
Grinder is heavily wounded.
Grinder closely misses you.
Grinder says, "I used to sell toenails on the black market."
Grinder hits you!
You writhe in agony.
* * * LOW HITPOINT WARNING * * *
It was a potion of flight.
You feel very buoyant.
You fly up into the air.
Grinder blinks!
It was a potion of degeneration.
There was something very wrong with that liquid.
You feel weakened.
You feel dopey.
You feel clumsy.
Grinder blinks!
It was a potion of attraction.
You feel attractive to monsters. Grinder gestures at you.
Pain shoots through your body!
* * * LOW HITPOINT WARNING * * *
It was a potion of mutation.
You feel extremely strange.
You feel less in control of your magic.
You feel insulated.
You feel resistant to heat. The horns on your head grow some more.
Grinder hits you.
* * * LOW HITPOINT WARNING * * *
You writhe in agony.
You die...

## .. #.##
######..#
.......# . ....#
#.#.#5#
###.#.#@#
..#.#..#
...#.#####P#...#
...#.....#...##
###...#####...##
............##
##...##..####
#.....#.##
#.....#.#


You could see Grinder.

Vanquished Creatures
  An iguana (D:2)
  2 adders (D:2)
  A worm (D:2)
  A dart slug (D:2)
  5 endoplasms
  4 giant cockroaches
  3 goblins
  6 hobgoblins
  A kobold (D:1)
  5 quokkas
  2 ball pythons
  6 bats
  A frilled lizard (D:2)
  2 rats (D:1)
40 creatures vanquished.

Notes
Turn   | Place    | Note
-------+----------+-------------------------------------------
     0 | D:1      | Locuples the Minotaur Berserker began the quest for the
                  | Orb.
     0 | D:1      | Reached XP level 1. HP: 19/19 MP: 0/0
   194 | D:1      | Reached skill level 4 in Axes
   338 | D:1      | Reached XP level 2. HP: 27/27 MP: 1/1
  1095 | D:2      | Reached XP level 3. HP: 33/33 MP: 2/2
  1190 | D:2      | Reached ** piety under Trog
  1252 | D:2      | Reached skill level 5 in Axes
  1341 | D:2      | Found a broken altar of Ashenzari.
  1351 | D:2      | Reached XP level 4. HP: 35/40 MP: 3/3
  1986 | D:3      | Noticed Grinder
  1990 | D:3      | Paralysed by Grinder for 3 turns
  2014 | D:3      | Gained mutation: Your spells are a little harder to cast,
                  | but a little more powerful. [potion of mutation]
  2014 | D:3      | Gained mutation: You are resistant to electric shocks.
                  | (rElec) [potion of mutation]
  2014 | D:3      | Gained mutation: Your flesh is heat resistant. (rF+)
                  | [potion of mutation]
  2014 | D:3      | Gained mutation: You have a pair of large horns on your
                  | head. [potion of mutation]
  2014 | D:3      | Slain by Grinder

Illustrated notes

Levels and vault maps discovered:
D:1:      wheals_arrival_shading, layout_basic, minmay_misc_feat_alley
D:2:      layout_basic, basic_altar, minmay_worlds_worst_comb
D:3:      layout_loops_cross, grunt_temple_overflow_order_and_chaos_2,
          shapermc_ecumenical_altar_rom_forum, uniq_grinder, uniq_terence

Skill      XL: |  1  2  3 |
---------------+----------+-----
Axes           | 4 5 |  5.4
Fighting       | 4 |  4.0
Armour         | 3 |  3.1
Dodging        | |  2.7

Action                   |  1- 3 |  4- 6 || total
-------------------------+-------+-------++-------
Melee: Hand axe          |    36 |       ||    36
       Headbutt          |    10 |     3 ||    13
       War axe           |    30 |    24 ||    54
Invok: Berserk           |     1 |     1 ||     2
  Use: Potion            |       |     4 ||     4
Armor: Ring mail         |    37 |     4 ||    41
Dodge: Dodged            |    50 |    19 ||    69

Table legend: (Time is in decaauts)
 A = Elapsed time spent in this place.
 B = Non-inter-level travel time spent in this place.
 C = Inter-level travel time spent in this place.
 D = Time resting spent in this place.
 E = Time spent auto-exploring this place.
 F = Levels seen in this place.
 G = Mean time per level.
                   A        B        C        D        E       F      G
               +--------+--------+--------+--------+--------+-----+--------+
         Total |   2041 |   1992 |     49 |      0 |   1620 |   3 |  680.3 |
       Dungeon |   2041 |   1992 |     49 |      0 |   1620 |   3 |  680.3 |
               +--------+--------+--------+--------+--------+-----+--------+

Top non-repeatable levels by time:
     D:2: 1091 daAuts
     D:1: 917 daAuts
     D:3: 33 daAuts
